Boston Bruins vs New York Rangers
Created - Tuesday, June 20, 2023 at 07:08
Goals
|
| Boston Bruins |
1 |
1 |
3 |
5 |
| New York Rangers |
1 |
1 |
1 |
3 |
|
Shots
|
| Boston Bruins |
7 |
18 |
19 |
44 |
| New York Rangers |
13 |
15 |
7 |
35 |
|
1st period
1. New York Rangers , Blake Wheeler 22 (Andre Burakovsky 24, Mikael Granlund 41) at 2:42
2. Boston Bruins , Vincent Trocheck 31 (Matt Grzelcyk 20, Brandon Hagel 8) at 17:50
Penalties :
Charlie McAvoy (BOS) for High sticking (Minor) at 3:06
2nd period
3. New York Rangers , Patrice Bergeron 38 (Nathan MacKinnon 68) at 5:50 (PP)
4. Boston Bruins , Vincent Trocheck 32 (Phil Kessel 42) at 6:04
Penalties :
Joel Farabee (BOS) for Hooking (Minor) at 5:45, Mark Giordano (NYR) for Hooking (Minor) at 11:40, Nathan MacKinnon (NYR) for Interference (Minor) at 16:17
3rd period
5. Boston Bruins , Phil Kessel 32 (Matt Grzelcyk 21, Pavel Zacha 26) at 0:28 (PP)
6. Boston Bruins , Joel Farabee 27 (Samuel Girard 28, Brandon Hagel 9) at 0:57 (PP)
7. Boston Bruins , Phil Kessel 33 (Vincent Trocheck 47, Tyson Barrie 25) at 2:12
8. New York Rangers , Nathan MacKinnon 56 (Dmitry Kulikov 14, Matt Benning 14) at 9:43
Penalties :
Igor Shesterkin (NYR) for Delaying the game (Minor) at 0:14 - Cam Fowler served the penalty, Pierre-Luc Dubois (NYR) for Hooking (Minor) at 0:41, Nathan MacKinnon (NYR) for Slashing (Minor) at 6:47, Phil Kessel (BOS) for Hooking (Minor) at 11:50
Goalie Stats
David Rittich (BOS), 32 saves from 35 shots - (0.914), W, 13-29-6, 60:00 minutes
Igor Shesterkin (NYR), 39 saves from 44 shots - (0.886), L, 29-23-3, 60:00 minutes
Players Stats for Boston Bruins
Player Name G A P +/- PIM S H SB GA TA FO MP PP MP PK MP
------------------------------------------------------------------------------------
Anthony Beauvillier 0 0 0 -1 0 4 1 0 0 0 0/2 14:50 0:00 0:37
Brandon Hagel 0 2 2 2 0 1 1 1 0 0 0/0 18:06 2:58 0:00
Brock McGinn 0 0 0 -1 0 0 2 1 0 0 1/1 12:30 0:00 0:00
Charlie McAvoy 0 0 0 0 2 1 2 1 0 1 0/0 22:22 3:41 0:57
Danton Heinen 0 0 0 -1 0 2 2 3 0 0 0/1 12:30 0:00 0:00
Joel Farabee 1 0 1 0 2 3 1 0 1 0 0/1 19:06 2:58 2:10
Jordan Spence 0 0 0 0 0 1 0 2 0 0 0/0 17:10 0:00 0:00
Mason Appleton 0 0 0 0 0 0 0 0 0 1 0/0 8:03 0:03 0:00
Matt Grzelcyk 0 2 2 1 0 0 0 2 1 1 0/0 18:46 2:46 0:42
Morgan Geekie 0 0 0 0 0 3 0 0 0 0 2/5 7:58 0:00 0:00
Pavel Zacha 0 1 1 0 0 3 0 0 0 0 9/20 19:29 3:29 2:10
Phil Kessel 2 1 3 2 2 6 1 0 0 0 1/1 19:25 3:29 0:54
Ryan Donato 0 0 0 0 0 7 2 0 0 0 3/16 15:40 2:55 0:24
Samuel Girard 0 1 1 0 0 0 1 1 0 1 0/0 23:40 3:41 2:14
Sean Durzi 0 0 0 0 0 0 2 0 0 0 0/0 7:58 0:00 0:00
Tyson Barrie 0 1 1 0 0 0 1 1 0 1 0/0 21:26 2:46 1:49
Victor Mete 0 0 0 1 0 2 0 0 0 1 0/0 16:36 0:00 2:24
Vincent Trocheck 2 1 3 2 0 11 1 1 2 1 13/28 20:19 3:29 1:51
Players Stats for New York Rangers
Player Name G A P +/- PIM S H SB GA TA FO MP PP MP PK MP
------------------------------------------------------------------------------------
Adam Larsson 0 0 0 -2 0 1 0 3 0 0 0/0 18:12 0:00 2:21
Andre Burakovsky 0 1 1 0 0 3 1 2 1 0 1/1 16:29 1:27 0:00
Blake Wheeler 1 0 1 0 0 3 0 0 1 0 0/2 16:15 1:35 0:00
Cam Fowler 0 0 0 0 0 4 2 3 0 0 0/0 28:14 2:36 4:11
Cole Caufield 0 0 0 0 0 3 0 0 0 1 0/1 11:32 1:35 0:00
Conor Garland 0 0 0 0 0 1 2 0 0 0 0/0 10:09 0:00 0:00
David Kampf 0 0 0 0 0 2 0 0 0 0 11/17 14:34 0:00 4:20
Dmitry Kulikov 0 1 1 1 0 1 1 0 0 0 0/0 11:45 0:00 0:00
Eric Robinson 0 0 0 -1 0 1 0 0 0 0 0/0 11:43 0:00 4:20
Jake McCabe 0 0 0 -2 0 0 0 2 0 0 0/0 17:50 0:00 2:02
Mark Giordano 0 0 0 0 2 2 1 3 0 1 0/0 25:57 1:27 2:49
Matt Benning 0 1 1 1 0 0 0 0 0 1 0/0 13:16 0:00 1:31
Mikael Granlund 0 1 1 0 0 6 2 1 2 1 7/12 18:22 2:36 0:38
Nathan MacKinnon 1 1 2 0 4 4 2 0 2 0 0/1 19:44 2:28 0:00
Patrice Bergeron 1 0 1 0 0 1 0 1 0 0 26/40 21:29 2:28 1:29
Pierre-Luc Dubois 0 0 0 0 2 2 1 0 1 0 1/1 20:38 2:28 0:38
T.J. Oshie 0 0 0 -1 0 1 2 0 0 0 0/0 8:12 1:35 0:00
Tyler Motte 0 0 0 -1 0 0 0 0 0 0 0/0 9:08 0:00 1:29
3 Stars
1 - Vincent Trocheck (BOS)
2 - Phil Kessel (BOS)
3 - Brandon Hagel (BOS)
Power Play
Boston Bruins - 2 on 5 Attempt(s) - 40.00%
New York Rangers - 1 on 3 Attempt(s) - 33.33%
Penalty Kill
Boston Bruins - 2 on 3 Attempt(s) - 66.67%
- Score 0 goal in Penalty Kill
New York Rangers - 3 on 5 Attempt(s) - 60.00%
- Score 0 goal in Penalty Kill
Team Stat
Boston Bruins - Hits : 17 - Faceoff Wins : 29 - Blocked Shots : 13 - Penalty Minutes : 6
New York Rangers - Hits : 14 - Faceoff Wins : 46 - Blocked Shots : 15 - Penalty Minutes : 10
Official
Referees : Jacob Brenk and Ian Walsh
Linesman : Kiel Murchison and Bryan Pancich
Game Notes
No Game Note
Finance
Level 1 -- Attendance: 4971 (82.85%) -- Ticket Income $507,042
Level 2 -- Attendance: 3411 (68.22%) -- Ticket Income $214,893
Level 3 -- Attendance: 1925 (64.17%) -- Ticket Income $78,925
Level 4 -- Attendance: 3100 (62.00%) -- Ticket Income $86,800
Luxury Box -- Attendance: 976 (97.60%) -- Ticket Income $190,320
Game was played at the Madison Square Garden.
Total Attendance: 14383 (71.92%)
Total Ticket Income: $1,077,980
Other Income: $377,293
Total Income: $1,455,273
Boston Bruins
5 vs 5 Forward
Center Left Wing Right Wing Time % Phy DF OF
1 Vincent Trocheck Phil Kessel Brandon Hagel 30 1 2 2
2 Pavel Zacha Joel Farabee Anthony Beauvillier 30 1 2 2
3 Ryan Donato Danton Heinen Brock McGinn 25 1 2 2
4 Morgan Geekie Mason Appleton Sean Durzi 15 1 2 2
5 vs 5 Defense
Defense Defense Time % Phy DF OF
1 Charlie McAvoy Samuel Girard 35 1 2 2
2 Tyson Barrie Jordan Spence 35 1 2 2
3 Matt Grzelcyk Victor Mete 30 1 2 2
4 Charlie McAvoy Samuel Girard 0 1 2 2
PowerPlay Forward
Center Left Wing Right Wing Time % Phy DF OF
1 Vincent Trocheck Pavel Zacha Phil Kessel 50 1 2 2
2 Ryan Donato Joel Farabee Brandon Hagel 50 1 2 2
PowerPlay Defense
Defense Defense Time % Phy DF OF
1 Charlie McAvoy Samuel Girard 50 1 2 2
2 Tyson Barrie Matt Grzelcyk 50 1 2 2
Penalty Kill 4 Players Forward
Center Wing Time % Phy DF OF
1 Vincent Trocheck Phil Kessel 50 1 2 2
2 Pavel Zacha Joel Farabee 50 1 2 2
Penalty Kill 4 Players Defense
Defense Defense Time % Phy DF OF
1 Charlie McAvoy Samuel Girard 50 1 2 2
2 Tyson Barrie Victor Mete 50 1 2 2
Penalty Kill - 3 Players Forward
Forward Time % Phy DF OF
1 Vincent Trocheck 50 1 2 2
2 Phil Kessel 50 1 2 2
Penalty Kill - 3 Players Defense
Defense Defense Time % Phy DF OF
1 Charlie McAvoy Samuel Girard 50 1 2 2
2 Tyson Barrie Victor Mete 50 1 2 2
4 vs 4 Forward
Center Wing Time % Phy DF OF
1 Vincent Trocheck Phil Kessel 50 1 2 2
2 Pavel Zacha Joel Farabee 50 1 2 2
4 vs 4 Defense
Defense Defense Time % Phy DF OF
1 Charlie McAvoy Samuel Girard 50 1 2 2
2 Tyson Barrie Matt Grzelcyk 50 1 2 2
Last Minutes Offensive
Center Left Wing Right Wing Defense Defense
Vincent Trocheck Pavel Zacha Phil Kessel Charlie McAvoy Samuel Girard
Last Minutes Defensive
Center Left Wing Right Wing Defense Defense
Vincent Trocheck Pavel Zacha Phil Kessel Charlie McAvoy Samuel Girard
Goaltenders
Starting : David Rittich
Backup : Pyotr Kochetkov
Extra Forwards
Normal : Mason Appleton, Brandon Hagel, Anthony Beauvillier - PP : Mason Appleton, Brandon Hagel - PK : Anthony Beauvillier
Extra Defensemen
Normal : Matt Grzelcyk, Victor Mete, Tyson Barrie - PP : Matt Grzelcyk - PK : Victor Mete, Tyson Barrie
Penalty Shots
Vincent Trocheck, Phil Kessel, Pavel Zacha, Joel Farabee, Brandon Hagel
New York Rangers
5 vs 5 Forward
Center Left Wing Right Wing Time % Phy DF OF
1 Patrice Bergeron Pierre-Luc Dubois Nathan MacKinnon 40 0 1 4
2 Mikael Granlund Andre Burakovsky Blake Wheeler 30 1 1 3
3 David Kampf Conor Garland Cole Caufield 20 1 2 2
4 T.J. Oshie Tyler Motte Eric Robinson 10 1 3 1
5 vs 5 Defense
Defense Defense Time % Phy DF OF
1 Mark Giordano Cam Fowler 44 1 2 2
2 Jake McCabe Adam Larsson 33 1 2 2
3 Dmitry Kulikov Matt Benning 23 1 2 2
4 Cam Fowler Adam Larsson 0 1 2 2
PowerPlay Forward
Center Left Wing Right Wing Time % Phy DF OF
1 Patrice Bergeron Nathan MacKinnon Pierre-Luc Dubois 60 0 1 4
2 Blake Wheeler T.J. Oshie Cole Caufield 40 0 1 4
PowerPlay Defense
Defense Defense Time % Phy DF OF
1 Cam Fowler Mikael Granlund 60 0 2 3
2 Andre Burakovsky Mark Giordano 40 0 2 3
Penalty Kill 4 Players Forward
Center Wing Time % Phy DF OF
1 David Kampf Eric Robinson 60 1 3 1
2 Patrice Bergeron Tyler Motte 40 1 3 1
Penalty Kill 4 Players Defense
Defense Defense Time % Phy DF OF
1 Mark Giordano Cam Fowler 60 1 3 1
2 Adam Larsson Jake McCabe 40 1 3 1
Penalty Kill - 3 Players Forward
Forward Time % Phy DF OF
1 Nathan MacKinnon 60 1 4 0
2 Patrice Bergeron 40 1 4 0
Penalty Kill - 3 Players Defense
Defense Defense Time % Phy DF OF
1 Cam Fowler Mark Giordano 60 1 4 0
2 Adam Larsson Jake McCabe 40 1 4 0
4 vs 4 Forward
Center Wing Time % Phy DF OF
1 Nathan MacKinnon Patrice Bergeron 60 1 2 2
2 Pierre-Luc Dubois Blake Wheeler 40 1 2 2
4 vs 4 Defense
Defense Defense Time % Phy DF OF
1 Cam Fowler Jake McCabe 60 1 2 2
2 Mark Giordano Adam Larsson 40 1 2 2
Last Minutes Offensive
Center Left Wing Right Wing Defense Defense
Patrice Bergeron Blake Wheeler Nathan MacKinnon Cam Fowler Mark Giordano
Last Minutes Defensive
Center Left Wing Right Wing Defense Defense
Patrice Bergeron David Kampf Mikael Granlund Cam Fowler Adam Larsson
Goaltenders
Starting : Igor Shesterkin
Backup : Tristan Jarry
Extra Forwards
Normal : Mikael Granlund, Andre Burakovsky, Conor Garland - PP : Mikael Granlund, Nathan MacKinnon - PK : Mikael Granlund
Extra Defensemen
Normal : Dmitry Kulikov, Matt Benning, Mark Giordano - PP : Dmitry Kulikov - PK : Matt Benning, Mark Giordano
Penalty Shots
T.J. Oshie, Mikael Granlund, Mark Giordano, Nathan MacKinnon, Blake Wheeler
% Time on Ice - Boston Bruins
Lines # - Real PCT - Wanted PCT - Time Play
Normal Forward
1 - 30% - 30% - 15:03
2 - 28% - 30% - 13:59
3 - 25% - 25% - 12:30
4 - 16% - 15% - 7:58
Normal Defense
1 - 36% - 35% - 17:45
2 - 36% - 35% - 17:38
3 - 29% - 30% - 14:07
4 - 0% - 0% - 0:00
PP Forward
1 - 54% - 50% - 3:29
2 - 46% - 50% - 2:58
PP Defense
1 - 57% - 50% - 3:41
2 - 43% - 50% - 2:46
PK Forward
1 - 47% - 50% - 1:53
2 - 53% - 50% - 2:10
PK Defense
1 - 55% - 50% - 2:14
2 - 45% - 50% - 1:49
PK3 Forward
1 - 0% - 50%
2 - 0% - 50%
PK3 Defense
1 - 0% - 50%
2 - 0% - 50%
44 Forward
1 - 0% - 50%
2 - 0% - 50%
44 Defense
1 - 0% - 50%
2 - 0% - 50%
Last Minute Offensive - 0:00
Last Minute Defensive - 0:00
Total
Forward - 60:00
Defense - 60:00
|
% Time on Ice - New York Rangers
Lines # - Real PCT - Wanted PCT - Time Play
Normal Forward
1 - 35% - 40% - 17:21
2 - 32% - 30% - 15:39
3 - 20% - 20% - 9:53
4 - 13% - 10% - 6:37
Normal Defense
1 - 43% - 44% - 21:27
2 - 33% - 33% - 16:18
3 - 24% - 23% - 11:45
4 - 0% - 0% - 0:00
PP Forward
1 - 61% - 60% - 2:28
2 - 39% - 40% - 1:35
PP Defense
1 - 64% - 60% - 2:36
2 - 36% - 40% - 1:27
PK Forward
1 - 77% - 60% - 4:58
2 - 23% - 40% - 1:29
PK Defense
1 - 68% - 60% - 4:25
2 - 32% - 40% - 2:02
PK3 Forward
1 - 0% - 60%
2 - 0% - 40%
PK3 Defense
1 - 0% - 60%
2 - 0% - 40%
44 Forward
1 - 0% - 60%
2 - 0% - 40%
44 Defense
1 - 0% - 60%
2 - 0% - 40%
Last Minute Offensive - 0:00
Last Minute Defensive - 0:00
Total
Forward - 60:00
Defense - 60:00
|
Play-by-Play
1st period
0:01 of 1st period - Patrice Bergeron wins face-off versus Vincent Trocheck in neutral zone.
0:04 of 1st period - Snap shot by Pierre-Luc Dubois.
0:04 of 1st period - Stopped by David Rittich with a rebound.
0:18 of 1st period - Icing by Charlie McAvoy.
0:19 of 1st period - Vincent Trocheck wins face-off versus Mikael Granlund in Boston Bruins zone.
0:42 of 1st period - Wrist shot by Vincent Trocheck.
0:42 of 1st period - Stopped by Igor Shesterkin without a rebound.
0:43 of 1st period - Pavel Zacha wins face-off versus David Kampf in New York Rangers zone.
0:46 of 1st period - Backhand shot by Anthony Beauvillier.
0:46 of 1st period - Stopped by Igor Shesterkin without a rebound.
0:47 of 1st period - Pavel Zacha wins face-off versus David Kampf in New York Rangers zone.
1:15 of 1st period - Off-side.
1:16 of 1st period - Morgan Geekie wins face-off versus Patrice Bergeron in neutral zone.
2:06 of 1st period - Wrist shot by Vincent Trocheck.
2:06 of 1st period - Stopped by Igor Shesterkin without a rebound.
2:07 of 1st period - Mikael Granlund wins face-off versus Vincent Trocheck in New York Rangers zone.
2:42 of 1st period - Snap shot by Andre Burakovsky.
2:42 of 1st period - Deflect By Blake Wheeler.
2:42 of 1st period - Goal by Blake Wheeler - Boston Bruins : 0 - New York Rangers : 1.
2:43 of 1st period - Pavel Zacha wins face-off versus Patrice Bergeron in neutral zone.
2:52 of 1st period - Wrist shot by Nathan MacKinnon.
2:52 of 1st period - Stopped by David Rittich with a rebound.
3:06 of 1st period - Minor Penalty to Charlie McAvoy for High sticking.
3:07 of 1st period - Vincent Trocheck wins face-off versus Patrice Bergeron in Boston Bruins zone.
3:13 of 1st period - Icing by Cam Fowler.
3:14 of 1st period - Pavel Zacha wins face-off versus Patrice Bergeron in New York Rangers zone.
4:01 of 1st period - Snap shot by Joel Farabee.
4:01 of 1st period - Shot Blocked by Mikael Granlund.
4:13 of 1st period - Snap shot by Pierre-Luc Dubois.
4:13 of 1st period - Shot Misses the Net.
4:15 of 1st period - Slapshot by Cam Fowler.
4:15 of 1st period - Deflect By Joel Farabee.
4:15 of 1st period - Stopped by David Rittich with a rebound.
4:17 of 1st period - Slapshot by Mikael Granlund.
4:17 of 1st period - Deflect By Patrice Bergeron.
4:17 of 1st period - Shot Misses the Net.
4:17 of 1st period - Puck is out of play.
4:18 of 1st period - Vincent Trocheck wins face-off versus Blake Wheeler in Boston Bruins zone.
4:33 of 1st period - Wrist shot by Blake Wheeler.
4:33 of 1st period - Shot Blocked by Vincent Trocheck.
4:59 of 1st period - Snap shot by T.J. Oshie.
4:59 of 1st period - Stopped by David Rittich without a rebound.
5:00 of 1st period - Patrice Bergeron wins face-off versus Vincent Trocheck in Boston Bruins zone.
5:06 of 1st period - Penalty to Charlie McAvoy is over, Charlie McAvoy is back on ice.
5:20 of 1st period - Off-side.
5:21 of 1st period - Morgan Geekie wins face-off versus David Kampf in neutral zone.
5:42 of 1st period - Snap shot by Ryan Donato.
5:42 of 1st period - Shot Misses the Net.
5:44 of 1st period - Snap shot by Tyson Barrie.
5:44 of 1st period - Deflect By Ryan Donato.
5:44 of 1st period - Stopped by Igor Shesterkin with a rebound.
6:29 of 1st period - Snap shot by T.J. Oshie.
6:29 of 1st period - Shot Blocked by Brandon Hagel.
7:07 of 1st period - Backhand shot by Ryan Donato.
7:07 of 1st period - Shot Blocked by Cam Fowler.
7:09 of 1st period - Snap shot by Ryan Donato.
7:09 of 1st period - Shot Blocked by Mark Giordano.
7:11 of 1st period - Wrist shot by Danton Heinen.
7:11 of 1st period - Shot Blocked by Cam Fowler.
7:47 of 1st period - Wrist shot by T.J. Oshie.
7:47 of 1st period - Deflect By Eric Robinson.
7:47 of 1st period - Stopped by David Rittich with a rebound.
7:49 of 1st period - Snap shot by Mark Giordano.
7:49 of 1st period - Shot Misses the Net.
7:51 of 1st period - Snap shot by Eric Robinson.
7:51 of 1st period - Shot Misses the Net.
7:53 of 1st period - Snap shot by Mark Giordano.
7:53 of 1st period - Stopped by David Rittich with a rebound.
7:55 of 1st period - Slapshot by Mark Giordano.
7:55 of 1st period - Stopped by David Rittich with a rebound.
8:19 of 1st period - Wrist shot by Cole Caufield.
8:19 of 1st period - Shot Misses the Net.
8:28 of 1st period - Off-side.
8:29 of 1st period - Andre Burakovsky wins face-off versus Ryan Donato in neutral zone.
8:42 of 1st period - Snap shot by Blake Wheeler.
8:42 of 1st period - Shot Misses the Net.
8:44 of 1st period - Wrist shot by Dmitry Kulikov.
8:44 of 1st period - Stopped by David Rittich with a rebound.
8:46 of 1st period - Snap shot by Mikael Granlund.
8:46 of 1st period - Stopped by David Rittich with a rebound.
9:05 of 1st period - Icing by Adam Larsson.
9:06 of 1st period - Patrice Bergeron wins face-off versus Pavel Zacha in New York Rangers zone.
9:23 of 1st period - Wrist shot by Patrice Bergeron.
9:23 of 1st period - Shot Misses the Net.
9:57 of 1st period - Wrist shot by Patrice Bergeron.
9:57 of 1st period - Deflect By Pierre-Luc Dubois.
9:57 of 1st period - Shot Misses the Net.
9:57 of 1st period - Puck is out of play.
9:58 of 1st period - Vincent Trocheck wins face-off versus Mikael Granlund in Boston Bruins zone.
10:17 of 1st period - Tyson Barrie is hit by Mark Giordano and loses puck.
10:48 of 1st period - Snap shot by Cole Caufield.
10:48 of 1st period - Stopped by David Rittich with a rebound.
10:54 of 1st period - Mark Giordano is hit by Sean Durzi and loses puck.
11:07 of 1st period - Mikael Granlund is hit by Phil Kessel and loses puck.
11:42 of 1st period - Backhand shot by Joel Farabee.
11:42 of 1st period - Shot Misses the Net.
13:01 of 1st period - Snap shot by Pierre-Luc Dubois.
13:01 of 1st period - Stopped by David Rittich with a rebound.
14:16 of 1st period - Ryan Donato is hit by Dmitry Kulikov and loses puck.
15:32 of 1st period - Cam Fowler is hit by Danton Heinen and loses puck.
15:55 of 1st period - Adam Larsson is hit by Vincent Trocheck and loses puck.
16:04 of 1st period - Wrist shot by Phil Kessel.
16:04 of 1st period - Deflect By Brandon Hagel.
16:04 of 1st period - Shot Blocked by Adam Larsson.
16:04 of 1st period - Puck is out of play.
16:05 of 1st period - Patrice Bergeron wins face-off versus Pavel Zacha in New York Rangers zone.
16:16 of 1st period - Snap shot by Nathan MacKinnon.
16:16 of 1st period - Shot Blocked by Matt Grzelcyk.
16:51 of 1st period - Off-side.
16:52 of 1st period - Ryan Donato wins face-off versus Cole Caufield in neutral zone.
17:01 of 1st period - Mark Giordano is hit by Ryan Donato.
17:05 of 1st period - Slapshot by Brock McGinn.
17:05 of 1st period - Shot Blocked by Cam Fowler.
17:44 of 1st period - Wrist shot by Phil Kessel.
17:44 of 1st period - Shot Blocked by Adam Larsson.
17:46 of 1st period - Slapshot by Brandon Hagel.
17:46 of 1st period - Stopped by Igor Shesterkin with a rebound.
17:50 of 1st period - Wrist shot by Vincent Trocheck.
17:50 of 1st period - Goal by Vincent Trocheck - Boston Bruins : 1 - New York Rangers : 1.
17:51 of 1st period - Patrice Bergeron wins face-off versus Pavel Zacha in neutral zone.
18:00 of 1st period - Wrist shot by Anthony Beauvillier.
18:00 of 1st period - Shot Misses the Net.
18:23 of 1st period - Cam Fowler is hit by Samuel Girard and loses puck.
18:43 of 1st period - Snap shot by Blake Wheeler.
18:43 of 1st period - Shot Blocked by Brock McGinn.
18:46 of 1st period - Icing by Samuel Girard.
18:47 of 1st period - David Kampf wins face-off versus Ryan Donato in Boston Bruins zone.
18:50 of 1st period - Snap shot by Cole Caufield.
18:50 of 1st period - Shot Misses the Net.
18:52 of 1st period - Slapshot by Adam Larsson.
18:52 of 1st period - Stopped by David Rittich without a rebound.
18:53 of 1st period - Pavel Zacha wins face-off versus Nathan MacKinnon in Boston Bruins zone.
19:16 of 1st period - Icing by Tyson Barrie.
19:17 of 1st period - Mikael Granlund wins face-off versus Pavel Zacha in Boston Bruins zone.
19:43 of 1st period - Slapshot by Joel Farabee.
19:43 of 1st period - Stopped by Igor Shesterkin with a rebound.
Goals for this period are 1 for Boston Bruins vs 1 for New York Rangers.
Shots for this period are 7 for Boston Bruins vs 13 for New York Rangers.
2nd period
0:01 of 2nd period - Vincent Trocheck wins face-off versus Patrice Bergeron in neutral zone.
0:27 of 2nd period - Mikael Granlund is hit by Danton Heinen and loses puck.
0:32 of 2nd period - Snap shot by Ryan Donato.
0:32 of 2nd period - Stopped by Igor Shesterkin with a rebound.
0:34 of 2nd period - Wrist shot by Ryan Donato.
0:34 of 2nd period - Deflect By Brock McGinn.
0:34 of 2nd period - Shot Blocked by Jake McCabe.
0:34 of 2nd period - Puck is out of play.
0:35 of 2nd period - Ryan Donato wins face-off versus Patrice Bergeron in New York Rangers zone.
0:38 of 2nd period - Wrist shot by Ryan Donato.
0:38 of 2nd period - Stopped by Igor Shesterkin with a rebound.
0:40 of 2nd period - Snap shot by Ryan Donato.
0:40 of 2nd period - Stopped by Igor Shesterkin without a rebound.
0:41 of 2nd period - Patrice Bergeron wins face-off versus Ryan Donato in New York Rangers zone.
0:52 of 2nd period - Snap shot by Nathan MacKinnon.
0:52 of 2nd period - Shot Blocked by Danton Heinen.
1:37 of 2nd period - Wrist shot by Anthony Beauvillier.
1:37 of 2nd period - Shot Blocked by Mark Giordano.
1:39 of 2nd period - Wrist shot by Pavel Zacha.
1:39 of 2nd period - Shot Blocked by Mark Giordano.
2:15 of 2nd period - Brock McGinn is hit by Cam Fowler and loses puck.
2:40 of 2nd period - Snap shot by Andre Burakovsky.
2:40 of 2nd period - Stopped by David Rittich with a rebound.
2:42 of 2nd period - Backhand shot by Jake McCabe.
2:42 of 2nd period - Shot Blocked by Tyson Barrie.
2:58 of 2nd period - Wrist shot by Anthony Beauvillier.
2:58 of 2nd period - Shot Misses the Net.
4:23 of 2nd period - Wrist shot by Vincent Trocheck.
4:23 of 2nd period - Shot Blocked by Patrice Bergeron.
4:25 of 2nd period - Slapshot by Victor Mete.
4:25 of 2nd period - Deflect By Nathan MacKinnon.
4:25 of 2nd period - Stopped by Igor Shesterkin without a rebound.
4:26 of 2nd period - Pavel Zacha wins face-off versus Mikael Granlund in New York Rangers zone.
4:32 of 2nd period - Icing by Mikael Granlund.
4:33 of 2nd period - Pavel Zacha wins face-off versus Mikael Granlund in New York Rangers zone.
4:42 of 2nd period - Snap shot by Mikael Granlund.
4:42 of 2nd period - Stopped by David Rittich with a rebound.
4:44 of 2nd period - Slapshot by Mikael Granlund.
4:44 of 2nd period - Stopped by David Rittich without a rebound.
4:45 of 2nd period - Patrice Bergeron wins face-off versus Vincent Trocheck in Boston Bruins zone.
5:02 of 2nd period - Snap shot by Patrice Bergeron.
5:02 of 2nd period - Shot Misses the Net.
5:24 of 2nd period - Slapshot by Mikael Granlund.
5:24 of 2nd period - Stopped by David Rittich with a rebound.
5:26 of 2nd period - Slapshot by Mikael Granlund.
5:26 of 2nd period - Stopped by David Rittich without a rebound.
5:27 of 2nd period - David Kampf wins face-off versus Pavel Zacha in Boston Bruins zone.
5:45 of 2nd period - Minor Penalty to Joel Farabee for Hooking.
5:46 of 2nd period - Patrice Bergeron wins face-off versus Vincent Trocheck in Boston Bruins zone.
5:50 of 2nd period - Snap shot by Patrice Bergeron.
5:50 of 2nd period - Goal by Patrice Bergeron - Boston Bruins : 1 - New York Rangers : 2.
5:51 of 2nd period - Vincent Trocheck wins face-off versus Patrice Bergeron in neutral zone.
6:04 of 2nd period - Slapshot by Vincent Trocheck.
6:04 of 2nd period - Goal by Vincent Trocheck - Boston Bruins : 2 - New York Rangers : 2.
6:05 of 2nd period - Patrice Bergeron wins face-off versus Ryan Donato in neutral zone.
6:12 of 2nd period - Snap shot by Patrice Bergeron.
6:12 of 2nd period - Shot Misses the Net.
6:30 of 2nd period - Brandon Hagel is hit by Andre Burakovsky.
6:36 of 2nd period - Snap shot by Phil Kessel.
6:36 of 2nd period - Stopped by Igor Shesterkin without a rebound.
6:37 of 2nd period - Mikael Granlund wins face-off versus Pavel Zacha in New York Rangers zone.
6:46 of 2nd period - Slapshot by Charlie McAvoy.
6:46 of 2nd period - Deflect By Joel Farabee.
6:46 of 2nd period - Shot Misses the Net.
6:46 of 2nd period - Puck is out of play.
6:47 of 2nd period - Pavel Zacha wins face-off versus Blake Wheeler in New York Rangers zone.
7:34 of 2nd period - Snap shot by Pavel Zacha.
7:34 of 2nd period - Shot Misses the Net.
7:38 of 2nd period - Wrist shot by Anthony Beauvillier.
7:38 of 2nd period - Stopped by Igor Shesterkin without a rebound.
7:39 of 2nd period - Patrice Bergeron wins face-off versus Vincent Trocheck in New York Rangers zone.
7:39 of 2nd period - Patrice Bergeron is hit by Charlie McAvoy.
8:04 of 2nd period - Ryan Donato is hit by Conor Garland and loses puck.
8:09 of 2nd period - Wrist shot by Cole Caufield.
8:09 of 2nd period - Stopped by David Rittich with a rebound.
8:11 of 2nd period - Slapshot by Mark Giordano.
8:11 of 2nd period - Deflect By Conor Garland.
8:11 of 2nd period - Stopped by David Rittich with a rebound.
8:13 of 2nd period - Slapshot by Cam Fowler.
8:13 of 2nd period - Stopped by David Rittich with a rebound.
9:09 of 2nd period - Snap shot by Andre Burakovsky.
9:09 of 2nd period - Stopped by David Rittich with a rebound.
9:25 of 2nd period - Adam Larsson is hit by Brock McGinn and loses puck.
10:26 of 2nd period - Off-side.
10:27 of 2nd period - Mikael Granlund wins face-off versus Ryan Donato in neutral zone.
10:32 of 2nd period - Ryan Donato is hit by Cam Fowler.
10:40 of 2nd period - Slapshot by Ryan Donato.
10:40 of 2nd period - Stopped by Igor Shesterkin without a rebound.
10:41 of 2nd period - Vincent Trocheck wins face-off versus Patrice Bergeron in New York Rangers zone.
11:08 of 2nd period - Mark Giordano is hit by Brock McGinn and loses puck.
11:13 of 2nd period - Slapshot by Charlie McAvoy.
11:13 of 2nd period - Deflect By Ryan Donato.
11:13 of 2nd period - Shot Misses the Net.
11:13 of 2nd period - Puck is out of play.
11:14 of 2nd period - David Kampf wins face-off versus Danton Heinen in New York Rangers zone.
11:19 of 2nd period - Wrist shot by Cole Caufield.
11:19 of 2nd period - Stopped by David Rittich without a rebound.
11:20 of 2nd period - Patrice Bergeron wins face-off versus Pavel Zacha in Boston Bruins zone.
11:23 of 2nd period - Snap shot by Patrice Bergeron.
11:23 of 2nd period - Shot Misses the Net.
11:31 of 2nd period - Snap shot by Anthony Beauvillier.
11:31 of 2nd period - Stopped by Igor Shesterkin with a rebound.
11:33 of 2nd period - Slapshot by Joel Farabee.
11:33 of 2nd period - Deflect By Anthony Beauvillier.
11:33 of 2nd period - Deflect By Pierre-Luc Dubois.
11:33 of 2nd period - Shot Blocked by Adam Larsson.
11:33 of 2nd period - Puck is out of play.
11:34 of 2nd period - Vincent Trocheck wins face-off versus Patrice Bergeron in New York Rangers zone.
11:40 of 2nd period - Minor Penalty to Mark Giordano for Hooking.
11:41 of 2nd period - David Kampf wins face-off versus Vincent Trocheck in New York Rangers zone.
11:53 of 2nd period - Snap shot by Vincent Trocheck.
11:53 of 2nd period - Shot Misses the Net.
11:55 of 2nd period - Wrist shot by Vincent Trocheck.
11:55 of 2nd period - Stopped by Igor Shesterkin without a rebound.
11:56 of 2nd period - David Kampf wins face-off versus Ryan Donato in New York Rangers zone.
12:33 of 2nd period - Snap shot by Vincent Trocheck.
12:33 of 2nd period - Deflect By Adam Larsson.
12:33 of 2nd period - Stopped by Igor Shesterkin without a rebound.
12:34 of 2nd period - David Kampf wins face-off versus Ryan Donato in New York Rangers zone.
12:34 of 2nd period - David Kampf is hit by Charlie McAvoy.
13:40 of 2nd period - Penalty to Mark Giordano is over, Mark Giordano is back on ice.
13:45 of 2nd period - Off-side.
13:46 of 2nd period - Mikael Granlund wins face-off versus Morgan Geekie in neutral zone.
14:54 of 2nd period - Snap shot by Vincent Trocheck.
14:54 of 2nd period - Stopped by Igor Shesterkin with a rebound.
14:56 of 2nd period - Slapshot by Samuel Girard.
14:56 of 2nd period - Deflect By Pavel Zacha.
14:56 of 2nd period - Stopped by Igor Shesterkin with a rebound.
15:24 of 2nd period - Snap shot by Morgan Geekie.
15:24 of 2nd period - Stopped by Igor Shesterkin without a rebound.
15:25 of 2nd period - Patrice Bergeron wins face-off versus Anthony Beauvillier in New York Rangers zone.
15:51 of 2nd period - Vincent Trocheck is hit by Mikael Granlund and loses puck.
15:58 of 2nd period - Snap shot by Blake Wheeler.
15:58 of 2nd period - Stopped by David Rittich without a rebound.
15:59 of 2nd period - Brock McGinn wins face-off versus Mikael Granlund in Boston Bruins zone.
16:08 of 2nd period - Wrist shot by Danton Heinen.
16:08 of 2nd period - Stopped by Igor Shesterkin with a rebound.
16:14 of 2nd period - Wrist shot by Ryan Donato.
16:14 of 2nd period - Stopped by Igor Shesterkin without a rebound.
16:15 of 2nd period - Patrice Bergeron wins face-off versus Vincent Trocheck in New York Rangers zone.
16:17 of 2nd period - Minor Penalty to Nathan MacKinnon for Interference.
16:18 of 2nd period - David Kampf wins face-off versus Ryan Donato in New York Rangers zone.
16:18 of 2nd period - David Kampf is hit by Joel Farabee.
16:25 of 2nd period - Slapshot by Charlie McAvoy.
16:25 of 2nd period - Deflect By Eric Robinson.
16:25 of 2nd period - Stopped by Igor Shesterkin with a rebound.
16:32 of 2nd period - Icing by Brandon Hagel.
16:33 of 2nd period - David Kampf wins face-off versus Ryan Donato in Boston Bruins zone.
16:43 of 2nd period - Off-side.
16:44 of 2nd period - David Kampf wins face-off versus Vincent Trocheck in neutral zone.
16:59 of 2nd period - Slapshot by Phil Kessel.
16:59 of 2nd period - Stopped by Igor Shesterkin with a rebound.
18:17 of 2nd period - Penalty to Nathan MacKinnon is over, Nathan MacKinnon is back on ice.
18:38 of 2nd period - Wrist shot by Mikael Granlund.
18:38 of 2nd period - Stopped by David Rittich with a rebound.
18:40 of 2nd period - Wrist shot by Andre Burakovsky.
18:40 of 2nd period - Stopped by David Rittich without a rebound.
18:41 of 2nd period - Patrice Bergeron wins face-off versus Morgan Geekie in Boston Bruins zone.
19:11 of 2nd period - Wrist shot by Blake Wheeler.
19:11 of 2nd period - Shot Misses the Net.
19:13 of 2nd period - Snap shot by Blake Wheeler.
19:13 of 2nd period - Stopped by David Rittich with a rebound.
19:15 of 2nd period - Slapshot by Dmitry Kulikov.
19:15 of 2nd period - Shot Blocked by Samuel Girard.
19:17 of 2nd period - Slapshot by Matt Benning.
19:17 of 2nd period - Shot Blocked by Danton Heinen.
19:19 of 2nd period - Slapshot by Dmitry Kulikov.
19:19 of 2nd period - Shot Blocked by Danton Heinen.
Goals for this period are 1 for Boston Bruins vs 1 for New York Rangers.
Shots for this period are 18 for Boston Bruins vs 15 for New York Rangers.
3rd period
0:01 of 3rd period - Pierre-Luc Dubois wins face-off versus Vincent Trocheck in neutral zone.
0:14 of 3rd period - Snap shot by Vincent Trocheck.
0:14 of 3rd period - Stopped by Igor Shesterkin without a rebound.
0:14 of 3rd period - Minor Penalty to Igor Shesterkin for Delaying the game.
0:15 of 3rd period - Vincent Trocheck wins face-off versus David Kampf in New York Rangers zone.
0:24 of 3rd period - Slapshot by Pavel Zacha.
0:24 of 3rd period - Stopped by Igor Shesterkin with a rebound.
0:26 of 3rd period - Wrist shot by Matt Grzelcyk.
0:26 of 3rd period - Shot Misses the Net.
0:28 of 3rd period - Slapshot by Phil Kessel.
0:28 of 3rd period - Goal by Phil Kessel - Boston Bruins : 3 - New York Rangers : 2.
0:29 of 3rd period - Patrice Bergeron wins face-off versus Pavel Zacha in neutral zone.
0:36 of 3rd period - Snap shot by Patrice Bergeron.
0:36 of 3rd period - Deflect By Nathan MacKinnon.
0:36 of 3rd period - Shot Blocked by Matt Grzelcyk.
0:36 of 3rd period - Puck is out of play.
0:37 of 3rd period - Patrice Bergeron wins face-off versus Pavel Zacha in Boston Bruins zone.
0:41 of 3rd period - Minor Penalty to Pierre-Luc Dubois for Hooking.
0:42 of 3rd period - David Kampf wins face-off versus Ryan Donato in New York Rangers zone.
0:57 of 3rd period - Snap shot by Joel Farabee.
0:57 of 3rd period - Goal by Joel Farabee - Boston Bruins : 4 - New York Rangers : 2.
0:58 of 3rd period - Patrice Bergeron wins face-off versus Vincent Trocheck in neutral zone.
1:04 of 3rd period - Off-side.
1:05 of 3rd period - Patrice Bergeron wins face-off versus Vincent Trocheck in neutral zone.
1:07 of 3rd period - Cam Fowler is hit by Brandon Hagel and loses puck.
2:12 of 3rd period - Snap shot by Phil Kessel.
2:12 of 3rd period - Goal by Phil Kessel - Boston Bruins : 5 - New York Rangers : 2.
2:13 of 3rd period - Patrice Bergeron wins face-off versus Joel Farabee in neutral zone.
2:21 of 3rd period - Slapshot by Tyson Barrie.
2:21 of 3rd period - Shot Misses the Net.
2:23 of 3rd period - Snap shot by Joel Farabee.
2:23 of 3rd period - Shot Blocked by Jake McCabe.
2:25 of 3rd period - Snap shot by Anthony Beauvillier.
2:25 of 3rd period - Stopped by Igor Shesterkin with a rebound.
2:27 of 3rd period - Slapshot by Jordan Spence.
2:27 of 3rd period - Deflect By Patrice Bergeron.
2:27 of 3rd period - Stopped by Igor Shesterkin with a rebound.
3:10 of 3rd period - Wrist shot by Ryan Donato.
3:10 of 3rd period - Shot Misses the Net.
3:12 of 3rd period - Snap shot by Ryan Donato.
3:12 of 3rd period - Shot Blocked by Andre Burakovsky.
3:50 of 3rd period - Snap shot by Pierre-Luc Dubois.
3:50 of 3rd period - Shot Misses the Net.
4:26 of 3rd period - Wrist shot by Danton Heinen.
4:26 of 3rd period - Shot Misses the Net.
4:37 of 3rd period - Icing by Adam Larsson.
4:38 of 3rd period - Mikael Granlund wins face-off versus Pavel Zacha in New York Rangers zone.
5:07 of 3rd period - Off-side.
5:08 of 3rd period - Vincent Trocheck wins face-off versus Patrice Bergeron in neutral zone.
5:15 of 3rd period - Wrist shot by Phil Kessel.
5:15 of 3rd period - Deflect By Cam Fowler.
5:15 of 3rd period - Stopped by Igor Shesterkin without a rebound.
5:16 of 3rd period - Patrice Bergeron wins face-off versus Vincent Trocheck in New York Rangers zone.
5:49 of 3rd period - Slapshot by Cole Caufield.
5:49 of 3rd period - Shot Misses the Net.
5:51 of 3rd period - Slapshot by Cam Fowler.
5:51 of 3rd period - Stopped by David Rittich with a rebound.
5:53 of 3rd period - Snap shot by David Kampf.
5:53 of 3rd period - Stopped by David Rittich with a rebound.
6:11 of 3rd period - Slapshot by Mikael Granlund.
6:11 of 3rd period - Shot Blocked by Jordan Spence.
6:13 of 3rd period - Slapshot by Blake Wheeler.
6:13 of 3rd period - Shot Blocked by Jordan Spence.
6:28 of 3rd period - Slapshot by Samuel Girard.
6:28 of 3rd period - Deflect By Morgan Geekie.
6:28 of 3rd period - Stopped by Igor Shesterkin without a rebound.
6:29 of 3rd period - Patrice Bergeron wins face-off versus Pavel Zacha in New York Rangers zone.
6:47 of 3rd period - Minor Penalty to Nathan MacKinnon for Slashing.
6:48 of 3rd period - Phil Kessel wins face-off versus David Kampf in New York Rangers zone.
6:50 of 3rd period - Slapshot by Phil Kessel.
6:50 of 3rd period - Stopped by Igor Shesterkin with a rebound.
6:52 of 3rd period - Wrist shot by Pavel Zacha.
6:52 of 3rd period - Stopped by Igor Shesterkin with a rebound.
6:54 of 3rd period - Snap shot by Vincent Trocheck.
6:54 of 3rd period - Stopped by Igor Shesterkin with a rebound.
6:56 of 3rd period - Snap shot by Vincent Trocheck.
6:56 of 3rd period - Stopped by Igor Shesterkin without a rebound.
6:57 of 3rd period - Vincent Trocheck wins face-off versus David Kampf in New York Rangers zone.
7:28 of 3rd period - Snap shot by Phil Kessel.
7:28 of 3rd period - Shot Misses the Net.
8:06 of 3rd period - Snap shot by Vincent Trocheck.
8:06 of 3rd period - Stopped by Igor Shesterkin without a rebound.
8:07 of 3rd period - Ryan Donato wins face-off versus Patrice Bergeron in New York Rangers zone.
8:10 of 3rd period - Wrist shot by Joel Farabee.
8:10 of 3rd period - Stopped by Igor Shesterkin with a rebound.
8:12 of 3rd period - Slapshot by Matt Grzelcyk.
8:12 of 3rd period - Shot Misses the Net.
8:47 of 3rd period - Penalty to Nathan MacKinnon is over, Nathan MacKinnon is back on ice.
9:04 of 3rd period - Wrist shot by Andre Burakovsky.
9:04 of 3rd period - Shot Misses the Net.
9:33 of 3rd period - Icing by Matt Grzelcyk.
9:34 of 3rd period - Patrice Bergeron wins face-off versus Anthony Beauvillier in Boston Bruins zone.
9:37 of 3rd period - Wrist shot by Pierre-Luc Dubois.
9:37 of 3rd period - Shot Misses the Net.
9:39 of 3rd period - Slapshot by Matt Benning.
9:39 of 3rd period - Shot Misses the Net.
9:41 of 3rd period - Slapshot by Dmitry Kulikov.
9:41 of 3rd period - Shot Misses the Net.
9:43 of 3rd period - Backhand shot by Nathan MacKinnon.
9:43 of 3rd period - Goal by Nathan MacKinnon - Boston Bruins : 5 - New York Rangers : 3.
9:44 of 3rd period - Vincent Trocheck wins face-off versus Patrice Bergeron in neutral zone.
10:10 of 3rd period - Cam Fowler is hit by Anthony Beauvillier and loses puck.
10:20 of 3rd period - Icing by Samuel Girard.
10:21 of 3rd period - Pavel Zacha wins face-off versus Patrice Bergeron in Boston Bruins zone.
10:21 of 3rd period - Pavel Zacha is hit by Nathan MacKinnon.
10:36 of 3rd period - Wrist shot by Nathan MacKinnon.
10:36 of 3rd period - Stopped by David Rittich with a rebound.
10:38 of 3rd period - Snap shot by Jake McCabe.
10:38 of 3rd period - Deflect By Nathan MacKinnon.
10:38 of 3rd period - Stopped by David Rittich with a rebound.
10:47 of 3rd period - Off-side.
10:48 of 3rd period - Mikael Granlund wins face-off versus Vincent Trocheck in neutral zone.
10:59 of 3rd period - Slapshot by Matt Grzelcyk.
10:59 of 3rd period - Shot Blocked by Andre Burakovsky.
11:01 of 3rd period - Snap shot by Victor Mete.
11:01 of 3rd period - Stopped by Igor Shesterkin without a rebound.
11:02 of 3rd period - Patrice Bergeron wins face-off versus Ryan Donato in New York Rangers zone.
11:21 of 3rd period - Mark Giordano is hit by Tyson Barrie and loses puck.
11:38 of 3rd period - Snap shot by Conor Garland.
11:38 of 3rd period - Shot Misses the Net.
11:40 of 3rd period - Slapshot by Cam Fowler.
11:40 of 3rd period - Stopped by David Rittich with a rebound.
11:42 of 3rd period - Slapshot by David Kampf.
11:42 of 3rd period - Deflect By Phil Kessel.
11:42 of 3rd period - Stopped by David Rittich with a rebound.
11:44 of 3rd period - Snap shot by David Kampf.
11:44 of 3rd period - Shot Misses the Net.
11:50 of 3rd period - Minor Penalty to Phil Kessel for Hooking.
11:51 of 3rd period - Vincent Trocheck wins face-off versus Patrice Bergeron in Boston Bruins zone.
12:08 of 3rd period - Snap shot by Pierre-Luc Dubois.
12:08 of 3rd period - Shot Blocked by Charlie McAvoy.
12:26 of 3rd period - Charlie McAvoy is hit by T.J. Oshie and loses puck.
12:39 of 3rd period - Vincent Trocheck is hit by Nathan MacKinnon and loses puck.
13:42 of 3rd period - Joel Farabee is hit by Pierre-Luc Dubois and loses puck.
13:50 of 3rd period - Penalty to Phil Kessel is over, Phil Kessel is back on ice.
13:59 of 3rd period - Conor Garland is hit by Sean Durzi and loses puck.
16:03 of 3rd period - Joel Farabee is hit by Mikael Granlund and loses puck.
16:45 of 3rd period - Off-side.
16:46 of 3rd period - Patrice Bergeron wins face-off versus Vincent Trocheck in neutral zone.
17:45 of 3rd period - Slapshot by Tyson Barrie.
17:45 of 3rd period - Shot Misses the Net.
18:10 of 3rd period - Jordan Spence is hit by T.J. Oshie.
18:21 of 3rd period - Wrist shot by Ryan Donato.
18:21 of 3rd period - Stopped by Igor Shesterkin without a rebound.
18:22 of 3rd period - Patrice Bergeron wins face-off versus Ryan Donato in New York Rangers zone.
18:31 of 3rd period - Wrist shot by Danton Heinen.
18:31 of 3rd period - Stopped by Igor Shesterkin without a rebound.
18:32 of 3rd period - David Kampf wins face-off versus Ryan Donato in New York Rangers zone.
18:32 of 3rd period - David Kampf is hit by Ryan Donato.
18:47 of 3rd period - Snap shot by Cole Caufield.
18:47 of 3rd period - Deflect By David Kampf.
18:47 of 3rd period - Shot Misses the Net.
18:47 of 3rd period - Puck is out of play.
18:48 of 3rd period - Patrice Bergeron wins face-off versus Morgan Geekie in Boston Bruins zone.
19:03 of 3rd period - Wrist shot by Morgan Geekie.
19:03 of 3rd period - Stopped by Igor Shesterkin with a rebound.
19:17 of 3rd period - Danton Heinen is hit by Conor Garland and loses puck.
Goals for this period are 3 for Boston Bruins vs 1 for New York Rangers.
Shots for this period are 19 for Boston Bruins vs 7 for New York Rangers.
Back to the Top